[Event "SWE-ch Masters 2018"]
[Site "Ronneby"]
[Date "2018.07.06"]
[Round "7"]
[White "Walinder, Lars"]
[Black "Adler, Bo"]
[Result "1-0"]
[ECO "A21"]
[WhiteElo "2231"]
[BlackElo "2177"]
[Annotator "NA"]
[PlyCount "43"]
[EventDate "2018.06.30"]
[EventType "tourn"]
[EventCountry "SWE"]
[SourceTitle "playchess.com"]
[Source "ChessBase"]
[SourceQuality "1"]
[TimeControl "40/5400+30:1800+30"]

1. c4 e5 2. Nc3 f5 3. d4 e4 4. Nh3 Nf6 {[%emt 0:02:42] A21: Englische Eröffnung} 5. Bg5 Be7 6. e3 O-O 7. Nf4 d6 8. Be2 c6 9. h4 Na6 10. Qb3 $146 ({Vorgänger:} 10. c5 d5 11. Bxa6 bxa6 12. Qa4 {0-1 (33) Titz,H (2305)-Leitner,K (2162) Frohnleiten 2000}) 10... Nc7 11. d5 (11. O-O-O $16) 11... Nd7 {[%emt 0:12:39] [#]} (11... c5 $11 {bleibt in der Remisbreite.}) 12. O-O-O (12. dxc6 $1 $16 Nc5 13. cxb7 (13. Bxe7 Qxe7 14. cxb7 Nxb3 $11) 13... Bxb7 14. Bxe7 Qxe7 15. Qa3) 12... Nc5 13. Qc2 a5 $1 14. Na4 Nxa4 $1 15. Qxa4 b5 {[%emt 0:01:14] [#]} ({Lieber} 15... c5 $14) 16. Qc2 $1 ({Don't play} 16. cxb5 $6 cxb5 17. Qc2 Bd7 $14) 16... bxc4 (16... c5 $16) 17. dxc6 d5 $2 {[%emt 0:03:02] [#]} (17... Kh8 18. Bxc4 Ba6 19. Bxe7 Qxe7) 18. Bxc4 $1 Bxg5 19. Rxd5 Nxd5 $18 20. Bxd5+ Kh8 21. Ng6+ hxg6 22. hxg5# 1-0

[Event "SWE-ch Masters 2018"]
[Site "Ronneby"]
[Date "2018.07.06"]
[Round "7"]
[White "Nyander, Joakim"]
[Black "Lindvall, Johannes"]
[Result "1/2-1/2"]
[ECO "A25"]
[WhiteElo "2203"]
[BlackElo "2010"]
[Annotator "NA"]
[PlyCount "65"]
[EventDate "2018.06.30"]
[EventType "tourn"]
[EventCountry "SWE"]
[SourceTitle "playchess.com"]
[Source "ChessBase"]
[SourceQuality "1"]
[TimeControl "40/5400+30:1800+30"]

1. c4 e5 2. g3 Nc6 3. Nc3 g6 4. Bg2 Bg7 5. e4 Nge7 6. Nge2 d6 7. d3 Be6 8. Nd5 O-O 9. O-O Qd7 10. Bg5 {[%emt 0:01:48] A26: Englische Eröffnung (Sizilianisch im Anzug)} f6 11. Be3 Rf7 (11... f5 12. f4 Rae8 13. Qd2 Nd4 14. Nxd4 exd4 15. Nxe7+ Rxe7 16. Bf2 fxe4 17. Bxe4 Bxc4 18. Bxb7 Be6 19. Bg2 c5 {0-1 (46) Wang,Y (2690)-Andriasian,Z (2586) chess.com INT 2018}) 12. Qd2 Raf8 13. Rad1 f5 14. f3 {[%emt 0:01:10] LiveBook: 4 Games} Nc8 15. exf5 Bxf5 16. d4 $146 ({Vorgänger:} 16. Nec3 Nd4 17. Ne4 Bxe4 18. fxe4 c6 19. Nc3 Ne7 20. Rxf7 Rxf7 {½-½ (31) Cabrera,G (2195)-Llanos,G (2360) La Carlota 1995}) 16... Bh3 17. f4 (17. b3 $11) 17... Bxg2 18. Kxg2 Qf5 (18... exf4 $15 19. Bxf4 N8e7) 19. b3 exf4 20. Rxf4 Qe6 21. Qd3 $11 Nd8 22. Rdf1 c6 23. Rxf7 Rxf7 24. Rxf7 Qxf7 25. Ndf4 d5 26. cxd5 g5 27. Nh3 Qxd5+ 28. Kg1 h6 29. Nf2 Nd6 30. Qg6 N8f7 31. Ng4 Kf8 32. Kf2 Qf5+ 33. Qxf5 1/2-1/2

[Event "SWE-ch Masters 2018"]
[Site "Ronneby"]
[Date "2018.07.06"]
[Round "7"]
[White "Laksman, Efraim"]
[Black "Wengholm, Anders"]
[Result "1/2-1/2"]
[ECO "A30"]
[WhiteElo "2184"]
[BlackElo "2186"]
[Annotator "NA"]
[PlyCount "47"]
[EventDate "2018.06.30"]
[EventType "tourn"]
[EventCountry "SWE"]
[SourceTitle "playchess.com"]
[Source "ChessBase"]
[SourceQuality "1"]
[TimeControl "40/5400+30:1800+30"]

1. c4 c5 2. Nf3 b6 3. d4 cxd4 4. Nxd4 Bb7 5. Nc3 a6 {[%emt 0:05:56] A30: Symmetrical English: Double Fianchetto and Hedgehog} 6. e4 d6 {[%emt 0:00:16] LiveBook: 15 Games} 7. Be2 Nd7 8. O-O Ngf6 9. f3 e6 10. Rf2 $146 ({Predecessor:} 10. Be3 Be7 11. Rc1 O-O 12. a3 Rc8 13. b4 Qc7 14. Qd2 Qb8 15. Rfd1 Bd8 16. Kh1 Re8 17. Bg1 Bc7 18. Rb1 h5 19. Qe1 {½-½ (95) Nepomniachtchi,I (2714)-Kamsky,G (2683) Sochi 2015}) 10... Be7 11. Bf1 O-O 12. Be3 Qc7 13. Rc1 Rfe8 14. Rd2 Rac8 15. b3 d5 16. cxd5 exd5 17. Nce2 Qb8 18. Rxc8 Qxc8 19. Rc2 Qa8 20. exd5 Nxd5 21. Bf2 g6 $11 22. Nc3 Nxc3 23. Rxc3 Nf6 24. Nc2 1/2-1/2

[Event "SWE-ch Masters 2018"]
[Site "Ronneby"]
[Date "2018.07.06"]
[Round "7"]
[White "Petersson, Baldur Teodor"]
[Black "Carlsson, Andreas"]
[Result "1/2-1/2"]
[ECO "C43"]
[WhiteElo "2153"]
[BlackElo "2029"]
[Annotator "NA"]
[PlyCount "52"]
[EventDate "2018.06.30"]
[EventType "tourn"]
[EventCountry "SWE"]
[SourceTitle "playchess.com"]
[Source "ChessBase"]
[SourceQuality "1"]
[TimeControl "40/5400+30:1800+30"]

1. e4 e5 2. Nf3 Nf6 3. d4 Nxe4 4. Bd3 d5 5. Nxe5 Nc6 6. Nxc6 bxc6 7. Qe2 {[%emt 0:02:06] C43: Petroff Defence: 3 d4} (7. O-O Be7 8. c4 O-O 9. Nc3 Nxc3 10. bxc3 dxc4 11. Bxc4 Bd6 12. Qf3 Rb8 13. Re1 c5 14. Be3 cxd4 15. Bxd4 Qg5 16. Bxa7 {1-0 (32) Rublevsky,S (2662)-Jussupow,A (2628) Frankfurt 2000}) 7... Be7 8. Bxe4 dxe4 9. Qxe4 O-O 10. O-O Rb8 11. Nd2 $146 ({Predecessor:} 11. Re1 Bd6 12. Nd2 Rb5 13. Nf3 Rh5 14. Bf4 f5 {1-0 (34) Pillsbury,H-Teichmann,R Monte Carlo 1903}) 11... c5 12. d5 (12. Re1 $5 Re8 13. dxc5 $14) 12... Bf6 13. Rb1 Re8 14. Qf3 Re5 15. c4 ({Günstiger ist} 15. Ne4 $14) 15... Bf5 16. Ra1 Qe7 (16... Bg6 $11) 17. Qa3 $2 ({White should try} 17. Nb3 $16) 17... Re1 18. Qxa7 $2 (18. Nf3 $15 Rxf1+ 19. Kxf1) 18... Re8 19. Qa3 Qe2 20. Rxe1 Qxe1+ 21. Nf1 Qd1 $2 (21... Bd4 22. Qf3 Be4) 22. g4 $2 (22. d6 Bg4 23. Qb3) 22... Bd3 23. Bf4 Qxg4+ ({Much less strong is} 23... Qxa1 24. Qxd3 Qxb2 25. Bxc7 $17) 24. Bg3 $19 Bxf1 25. Qa4 Rd8 26. Kxf1 Qe4 1/2-1/2

[Event "SWE-ch Masters 2018"]
[Site "Ronneby"]
[Date "2018.07.06"]
[Round "7"]
[White "Neretljak, Nedzad"]
[Black "Bit-Narva, David"]
[Result "1-0"]
[ECO "B06"]
[WhiteElo "2108"]
[BlackElo "1977"]
[Annotator "NA"]
[PlyCount "37"]
[EventDate "2018.06.30"]
[EventType "tourn"]
[EventCountry "SWE"]
[SourceTitle "playchess.com"]
[Source "ChessBase"]
[SourceQuality "1"]
[TimeControl "40/5400+30:1800+30"]

1. e4 g6 2. d4 Bg7 3. Nc3 d6 4. Be3 a6 5. Qd2 Nd7 6. h4 {[%emt 0:00:27] B06: Modern Defence} h6 7. a3 (7. O-O-O b5 8. Kb1 Bb7 9. f3 Ngf6 10. Nge2 b4 11. Na4 a5 12. Ng3 h5 13. b3 Bc6 {1-0 (60) Fedorchuk,S (2648)-Almasi,Z (2682) Riadh 2017}) 7... b5 8. f4 $146 ({Predecessor:} 8. Nge2 Bb7 9. f3 c5 10. dxc5 Nxc5 11. Bd4 Bxd4 12. Nxd4 Nf6 13. O-O-O Rc8 14. g4 {0-1 (34) Matviishen,V (2407)-Zubarev,A (2506) Lutsk 2017}) 8... Bb7 9. h5 gxh5 10. Be2 c5 11. Bxh5 Ngf6 12. e5 Nxh5 13. Rxh5 cxd4 14. Bxd4 dxe5 15. fxe5 Qc7 16. O-O-O O-O-O 17. Qe3 Qc6 18. e6 ({White should play} 18. Nf3 $16 Rhg8 19. Nh4) 18... Nf6 $18 (18... Bxd4 $11 19. Qxd4 (19. Rxd4 Qxe6 20. Qxe6 fxe6 $17) 19... Qxe6) 19. Rc5 1-0

[Event "SWE-ch Masters 2018"]
[Site "Ronneby"]
[Date "2018.07.06"]
[Round "7"]
[White "Svorono, Gabriel"]
[Black "Mattsson, Michael"]
[Result "1-0"]
[ECO "D10"]
[WhiteElo "2105"]
[BlackElo "2032"]
[Annotator "NA"]
[PlyCount "63"]
[EventDate "2018.06.30"]
[EventType "tourn"]
[EventCountry "SWE"]
[SourceTitle "playchess.com"]
[Source "ChessBase"]
[SourceQuality "1"]
[TimeControl "40/5400+30:1800+30"]

1. d4 d5 2. c4 c6 3. cxd5 cxd5 4. Nc3 Nf6 5. Bf4 Qb6 6. e3 Bd7 {[%emt 0:01:31] D10: Slav Defence: 3 cxd5 (without early Nf3) and 3 Nc3} (6... Nc6 7. a3 Bf5 8. Na4 Qd8 9. Nf3 e6 10. Be2 Be7 11. O-O O-O 12. h3 Ne4 13. b4 Rc8 14. Nd2 Bd6 15. Nxe4 Bxf4 {1-0 (80) Andreikin,D (2708)-Kryakvin,D (2583) Sochi 2017}) 7. Bd3 Qxb2 8. Nge2 Bc6 $146 ({Predecessor:} 8... Qa3 9. O-O Qa5 10. Qb3 Bc6 11. Bb5 Qb6 12. Rab1 a6 13. Bxc6+ Qxc6 14. Rfc1 {1-0 (31) Kuzmin,Y (2236)-Nomin Erdene,D (2421) Palic 2016}) 9. O-O e6 10. Rb1 Qa3 11. Qc2 a6 12. f3 Be7 13. e4 Qa5 14. Bd2 dxe4 $1 15. fxe4 Qd8 $1 16. Rf4 (16. Kh1 $14) 16... g6 17. Rbf1 Rf8 (17... O-O $11) 18. e5 Nd5 19. Nxd5 ({White should play} 19. R4f2 $16) 19... Bxd5 20. R4f2 Bg5 $18 ({Better is} 20... Nc6 $14) 21. Rxf7 Rxf7 22. Bxg6 Bxd2 23. Bxf7+ Kd7 24. Qxd2 Nc6 25. Nf4 Qg5 26. Bxe6+ Bxe6 27. d5 Rd8 28. dxc6+ Ke8 29. Qb4 Bg4 30. Ne6 Qe3+ 31. Kh1 bxc6 32. Rf8+ 1-0

[Event "SWE-ch Masters 2018"]
[Site "Ronneby"]
[Date "2018.07.06"]
[Round "7"]
[White "Andersson, Paul"]
[Black "Tiger-Norqvist, Axel"]
[Result "1-0"]
[ECO "A48"]
[WhiteElo "2099"]
[BlackElo "2158"]
[Annotator "NA"]
[PlyCount "90"]
[EventDate "2018.06.30"]
[EventType "tourn"]
[EventCountry "SWE"]
[SourceTitle "playchess.com"]
[Source "ChessBase"]
[SourceQuality "1"]
[TimeControl "40/5400+30:1800+30"]

1. d4 Nf6 2. Nf3 g6 3. c4 Bg7 4. Nc3 O-O 5. Bg5 c5 6. d5 d6 7. e3 h6 8. Bh4 Nbd7 9. Bd3 Re8 10. O-O Nf8 11. Qc2 g5 12. Bg3 Nh5 13. Ne2 Rb8 14. a4 a6 15. h4 g4 16. Nh2 e5 17. dxe6 Bxe6 $14 18. Bf5 Qd7 19. Bxe6 Qxe6 20. Rad1 Rbd8 21. Rd5 Nf6 22. Rd3 Ng6 23. Rfd1 Qf5 24. Qb3 Ne4 25. Rd5 Ne5 26. Bf4 Qe6 27. Ng3 Nxc4 28. Qxc4 Nf6 29. b3 b5 30. axb5 axb5 31. Qd3 Nxd5 32. Qxd5 c4 33. bxc4 bxc4 34. Qd2 c3 35. Qd3 Rc8 36. Rc1 Rc5 37. e4 d5 38. exd5 Rxd5 39. Qc2 Rb5 40. Nhf1 Rb2 41. Qd3 Qb6 42. Be3 Qd8 43. Qf5 Rb4 44. Qc5 Ra4 45. Qb5 Ra5 1-0

[Event "SWE-ch Masters 2018"]
[Site "Ronneby"]
[Date "2018.07.06"]
[Round "7"]
[White "Tegler, Erik"]
[Black "Palmblad, Jan Peter"]
[Result "1/2-1/2"]
[ECO "B26"]
[WhiteElo "2073"]
[BlackElo "2099"]
[Annotator "NA"]
[PlyCount "108"]
[EventDate "2018.06.30"]
[EventType "tourn"]
[EventCountry "SWE"]
[SourceTitle "playchess.com"]
[Source "ChessBase"]
[SourceQuality "1"]
[TimeControl "40/5400+30:1800+30"]

1. e4 c5 2. Nc3 Nc6 3. g3 g6 4. Bg2 Bg7 5. d3 d6 6. Be3 Rb8 7. Qd2 b5 8. a3 Qa5 9. f4 Nd4 10. Nf3 e6 (10... Nh6 $11 {keeps the balance.}) 11. O-O Ne7 12. g4 (12. b4 $14 Qc7 13. bxc5 dxc5 14. e5) 12... Qc7 13. Qf2 Nxf3+ 14. Bxf3 f5 15. gxf5 exf5 16. d4 cxd4 17. Bxd4 Bxd4 18. Qxd4 Qc5 $16 (18... O-O $11) 19. Rad1 O-O 20. b4 Qxd4+ 21. Rxd4 Rb6 22. Nd5 Nxd5 23. exd5 Re8 24. Kf2 Rb8 25. Re1 Rxe1 26. Kxe1 Bd7 27. Kd2 Rc8 28. Be2 Kf7 29. Rd3 h6 30. Rh3 Kg7 31. Rg3 Kf6 32. h4 Be8 33. Re3 Bd7 34. Rh3 Be8 35. c3 Rc7 36. Re3 Re7 37. Rxe7 Kxe7 38. c4 bxc4 39. Bxc4 Kd8 40. b5 Kc7 41. Kc3 Bf7 42. a4 Kb6 43. Kb4 h5 44. a5+ Kb7 45. Bb3 Be8 46. Bc2 Bf7 47. Ba4 Be8 48. Kc4 Bd7 49. Kb3 Be8 50. Kb4 Bd7 51. Bd1 Be8 52. Bc2 Bd7 53. Bd3 Be8 54. b6 a6 1/2-1/2

[Event "SWE-ch Masters 2018"]
[Site "Ronneby"]
[Date "2018.07.06"]
[Round "7"]
[White "Nordahl, Nils"]
[Black "Mardell, Jimmy"]
[Result "1/2-1/2"]
[ECO "B70"]
[WhiteElo "1839"]
[BlackElo "2173"]
[Annotator "NA"]
[PlyCount "52"]
[EventDate "2018.06.30"]
[EventType "tourn"]
[EventCountry "SWE"]
[SourceTitle "playchess.com"]
[Source "ChessBase"]
[SourceQuality "1"]
[TimeControl "40/5400+30:1800+30"]

1. e4 c5 2. Nf3 d6 3. d4 cxd4 4. Nxd4 Nf6 5. Nc3 g6 6. Be2 Bg7 7. O-O O-O 8. Be3 Nc6 9. f3 Bd7 10. Qd2 Rc8 11. Rfd1 {[%emt 0:04:45] B73: Sicilian Dragon: Classical System without 9 Nb3} a6 12. Kh1 (12. Nxc6 Bxc6 13. a4 Nd7 14. a5 Qc7 15. Bd4 Rfd8 16. Qe3 {½-½ (16) Kovchan,A (2583)-Kryvoruchko,Y (2711) Lvov 2015}) 12... Ne5 13. Rac1 Qc7 $146 ({Predecessor:} 13... h5 14. Bh6 Kh7 15. Bxg7 Kxg7 16. Nd5 Ne8 17. c4 e6 18. Ne3 Qb6 {½-½ (40) Straesser,G (1549)-Mehlhorn,D (1806) Bergen 2007}) 14. a3 Nc4 15. Bxc4 $1 Qxc4 16. h3 b5 17. Qd3 Rc7 18. Bg5 Be6 19. Nxe6 Qxe6 20. Bxf6 Bxf6 21. Nd5 Rc4 22. Nxf6+ Qxf6 23. c3 Rfc8 24. Qe3 R8c5 25. Rd5 h5 26. Rcd1 $11 Qe6 1/2-1/2

[Event "SWE-ch Masters 2018"]
[Site "Ronneby"]
[Date "2018.07.07"]
[Round "8"]
[White "Nyander, Joakim"]
[Black "Andersson, Paul"]
[Result "1-0"]
[ECO "A37"]
[WhiteElo "2203"]
[BlackElo "2099"]
[Annotator "NA"]
[PlyCount "141"]
[EventDate "2018.06.30"]
[EventType "tourn"]
[EventCountry "SWE"]
[SourceTitle "playchess.com"]
[Source "ChessBase"]
[SourceQuality "1"]
[TimeControl "40/5400+30:1800+30"]

1. c4 c5 2. g3 Nc6 3. Bg2 g6 4. Nc3 Bg7 5. Nf3 d6 6. O-O e5 7. a3 Nge7 8. b4 O-O 9. Rb1 Rb8 10. e3 h6 11. Qc2 Be6 12. d3 Qd7 13. Rd1 f5 14. b5 $11 Nd8 15. d4 cxd4 16. exd4 e4 17. Nd2 Rc8 18. Ne2 Bxc4 19. Nxc4 d5 20. Ne5 Bxe5 21. Qa4 Bg7 22. Qxa7 Ne6 23. Qa4 Rc4 24. Qb3 Rfc8 25. Bf1 Kh7 26. Bb2 Ng5 27. Kh1 Nf3 28. Bg2 Ng5 29. Nf4 Nf7 30. Bf1 Rc2 31. Rbc1 R2c7 32. Rxc7 Rxc7 33. a4 g5 34. Ng2 Nd8 35. Ba3 Ng8 36. Ne3 Nf6 37. a5 f4 38. Nc2 Ne6 39. b6 Rc8 40. a6 bxa6 41. Bxa6 Rb8 42. Bc5 e3 43. Bd3+ Kh8 44. fxe3 fxg3 45. Rd2 gxh2 46. Rxh2 Ng4 47. Rg2 Nxc5 48. dxc5 Ne5 49. Be2 Rf8 50. Nd4 Qh3+ 51. Kg1 Nd7 52. Bg4 Qh4 53. Qd1 Ne5 54. Nf5 Rxf5 55. Bxf5 Qb4 56. Qc1 Nc4 57. Qb1 Qxc5 58. b7 Qxe3+ 59. Kh1 Be5 60. b8=Q+ Bxb8 61. Qxb8+ Kg7 62. Qb7+ Kf6 63. Qxd5 Qe1+ 64. Kh2 Qh4+ 65. Bh3 Qf4+ 66. Rg3 Ne5 67. Qe6+ Kg7 68. Qe7+ Kg6 69. Qe6+ Kg7 70. Qb3 h5 71. Qe3 1-0

[Event "SWE-ch Masters 2018"]
[Site "Ronneby"]
[Date "2018.07.07"]
[Round "8"]
[White "Wengholm, Anders"]
[Black "Carlsson, Andreas"]
[Result "1-0"]
[ECO "A04"]
[WhiteElo "2186"]
[BlackElo "2029"]
[Annotator "NA"]
[PlyCount "31"]
[EventDate "2018.06.30"]
[EventType "tourn"]
[EventCountry "SWE"]
[SourceTitle "playchess.com"]
[Source "ChessBase"]
[SourceQuality "1"]
[TimeControl "40/5400+30:1800+30"]

1. Nf3 e6 2. c4 f5 3. g3 Nf6 4. Bg2 c6 5. O-O d5 6. d3 Bd6 7. Nc3 O-O 8. e4 fxe4 9. dxe4 dxe4 10. Ng5 e5 11. c5 Bxc5 12. Qb3+ Nd5 13. Bxe4 h6 14. Nxd5 hxg5 15. Ne7+ Kh8 16. Ng6+ 1-0

[Event "SWE-ch Masters 2018"]
[Site "Ronneby"]
[Date "2018.07.07"]
[Round "8"]
[White "Adler, Bo"]
[Black "Palmblad, Jan Peter"]
[Result "1-0"]
[ECO "B21"]
[WhiteElo "2177"]
[BlackElo "2099"]
[Annotator "NA"]
[PlyCount "55"]
[EventDate "2018.06.30"]
[EventType "tourn"]
[EventCountry "SWE"]
[SourceTitle "playchess.com"]
[Source "ChessBase"]
[SourceQuality "1"]
[TimeControl "40/5400+30:1800+30"]

1. e4 c5 2. f4 d6 3. Nf3 Nc6 4. Bb5 Bd7 5. d4 cxd4 6. Nxd4 Qb6 7. Be3 e5 8. Bxc6 Bxc6 9. Nf5 Qxb2 10. Nd2 g6 11. Rb1 Qxa2 12. Ng3 exf4 13. Bxf4 Qe6 14. O-O Bh6 15. Qf3 Bxf4 16. Qxf4 Ne7 17. Nf3 f6 18. Nd4 Qe5 19. Qxf6 Qxf6 20. Rxf6 O-O-O 21. Rf7 Rd7 22. Nxc6 bxc6 23. Ne2 c5 24. Nc3 Kc7 25. Rxe7 Rxe7 26. Nd5+ Kd7 27. Rb7+ Ke6 28. Rxe7# 1-0

[Event "SWE-ch Masters 2018"]
[Site "Ronneby"]
[Date "2018.07.07"]
[Round "8"]
[White "Mardell, Jimmy"]
[Black "Bit-Narva, David"]
[Result "0-1"]
[ECO "B06"]
[WhiteElo "2173"]
[BlackElo "1977"]
[Annotator "NA"]
[PlyCount "84"]
[EventDate "2018.06.30"]
[EventType "tourn"]
[EventCountry "SWE"]
[SourceTitle "playchess.com"]
[Source "ChessBase"]
[SourceQuality "1"]
[TimeControl "40/5400+30:1800+30"]

1. d4 d6 2. e4 g6 3. Nc3 Bg7 4. f4 a6 5. Nf3 Nd7 6. Bd3 b5 7. a4 {[%emt 0:00:25] B06: Moderne Verteidigung} b4 8. Ne2 c5 9. c3 bxc3 (9... Bb7 10. O-O Ngf6 11. e5 Nd5 12. Bd2 bxc3 13. bxc3 cxd4 14. cxd4 O-O {0-1 (49) Anand,V (2759)-Nakamura,H (2769) Leuven 2018}) 10. bxc3 e6 11. O-O Ne7 12. f5 exf5 13. exf5 Nf6 14. fxg6 hxg6 15. dxc5 $146 dxc5 16. Be3 Qc7 17. Bf4 Qa7 18. Bc4 Bb7 19. Ne5 Bd5 20. a5 O-O 21. Ng3 Rad8 22. Qc1 Ng4 $16 (22... Nd7 $15 {behält die Oberhand.} 23. Bxd5 Nxe5 24. Bxe5 c4+ 25. Rf2 Bxe5 26. Bxc4 Nd5) 23. Nxg4 Bxc4 24. Bh6 f5 25. Bxg7 Kxg7 26. Qh6+ Kg8 27. Rf4 fxg4 28. Rxc4 Qd7 29. h3 Qd3 30. Rxg4 Qxc3 31. Rc1 Qb2 32. Rh4 Qg7 33. Qxg7+ Kxg7 34. Rxc5 Rd1+ 35. Kh2 Rf2 36. Ne4 Rf7 37. Rg4 Ra1 38. Nd6 Rff1 39. Nc4 Nf5 40. Rxf5 Rxf5 41. Rd4 Ra4 42. Rd7+ Rf7 0-1

[Event "SWE-ch Masters 2018"]
[Site "Ronneby"]
[Date "2018.07.07"]
[Round "8"]
[White "Tiger-Norqvist, Axel"]
[Black "Laksman, Efraim"]
[Result "1/2-1/2"]
[ECO "B31"]
[WhiteElo "2158"]
[BlackElo "2184"]
[Annotator "NA"]
[PlyCount "82"]
[EventDate "2018.06.30"]
[EventType "tourn"]
[EventCountry "SWE"]
[SourceTitle "playchess.com"]
[Source "ChessBase"]
[SourceQuality "1"]
[TimeControl "40/5400+30:1800+30"]

1. e4 c5 2. Nf3 Nc6 3. Bb5 g6 4. Bxc6 bxc6 5. O-O Bg7 6. Re1 Nf6 7. e5 Nd5 8. d4 cxd4 9. Qxd4 Qb6 10. Qh4 h6 11. Nbd2 Nc7 12. Nc4 Qb8 13. Nd6+ Kf8 14. Nxc8 Qxc8 15. Be3 Ne6 16. Rad1 Rb8 17. b3 Rb7 18. Nd4 Nxd4 19. Rxd4 Qc7 20. Re4 Qa5 21. f4 Qxa2 22. Qf2 Qa5 23. Ra4 Qc7 24. Bxa7 Kg8 25. Bd4 d6 26. f5 dxe5 27. fxg6 fxg6 28. Ra8+ Kh7 29. Rxh8+ Kxh8 30. Bc5 Bf6 31. Qe3 Kg7 32. b4 Qd8 33. Qf3 Qd5 34. Rd1 Qe6 35. Qd3 Rb8 36. Qd7 Qxd7 37. Rxd7 Kf7 38. Rc7 Rd8 39. Be3 Rd6 40. c4 Bg5 41. Bxg5 hxg5 1/2-1/2

[Event "SWE-ch Masters 2018"]
[Site "Ronneby"]
[Date "2018.07.07"]
[Round "8"]
[White "Neretljak, Nedzad"]
[Black "Petersson, Baldur Teodor"]
[Result "1-0"]
[ECO "B42"]
[WhiteElo "2108"]
[BlackElo "2153"]
[Annotator "NA"]
[PlyCount "69"]
[EventDate "2018.06.30"]
[EventType "tourn"]
[EventCountry "SWE"]
[SourceTitle "playchess.com"]
[Source "ChessBase"]
[SourceQuality "1"]
[TimeControl "40/5400+30:1800+30"]

1. e4 c5 2. Nf3 e6 3. d4 cxd4 4. Nxd4 a6 5. Bd3 Nf6 6. O-O Qc7 7. Nc3 Bc5 8. Nb3 Be7 9. f4 d6 10. Qf3 Nbd7 {[%emt 0:02:07] B43: Sizilianisch (Paulsen-Variante)} 11. g4 g6 12. g5 Nh5 13. Be3 $146 ({Vorgänger:} 13. Qf2 b5 14. a4 bxa4 15. Rxa4 O-O 16. Be2 Ng7 17. Be3 Bb7 18. Bd3 {½-½ (56) Garcia Martinez,S (2316)-Bruzon Batista,L (2648) Alcala de Henares 2006}) 13... b5 14. Bd4 O-O 15. a3 Bb7 16. Be3 Rae8 17. Qh3 Nc5 18. Be2 Ng7 19. Nxc5 dxc5 20. Qh6 {[%emt 0:02:01] [#]} b4 $1 21. Rf3 bxc3 22. Rh3 Nh5 $19 23. Bxh5 gxh5 24. f5 f6 25. g6 Bd6 26. Kf2 Bxe4 27. Rg1 Bxf5 28. Rxh5 cxb2 29. gxh7+ Kh8 30. Rg8+ Rxg8 31. hxg8=Q+ Kxg8 32. Qh8+ Kf7 33. Rh7+ Kg6 34. Rh6+ Kf7 35. Qxf6+ 1-0

[Event "SWE-ch Masters 2018"]
[Site "Ronneby"]
[Date "2018.07.07"]
[Round "8"]
[White "Svorono, Gabriel"]
[Black "Nordahl, Nils"]
[Result "1-0"]
[ECO "B52"]
[WhiteElo "2105"]
[BlackElo "1839"]
[Annotator "NA"]
[PlyCount "59"]
[EventDate "2018.06.30"]
[EventType "tourn"]
[EventCountry "SWE"]
[SourceTitle "playchess.com"]
[Source "ChessBase"]
[SourceQuality "1"]
[TimeControl "40/5400+30:1800+30"]

1. e4 c5 2. Nf3 d6 3. Bb5+ Bd7 4. Bxd7+ Qxd7 5. c4 Nc6 6. d4 cxd4 7. Nxd4 e6 8. O-O Be7 9. Nc3 Nf6 10. Be3 O-O 11. Rc1 {[%emt 0:01:14] B52: Sicilian: Moscow Variation with 3...Bd7} (11. Qe2 Rfc8 12. b3 Bd8 13. Rac1 Ba5 14. Nxc6 Rxc6 15. Bg5 Ne8 16. Nb5 a6 17. Nd4 Rcc8 18. Rfd1 Qc7 19. Qg4 Bb4 {1-0 (30) Stevic,H (2597)-Kozul,Z (2602) Zadar 2015}) 11... Rfd8 12. f4 Rac8 13. b3 b6 14. Qf3 Ne8 $146 ({Predecessor:} 14... Qe8 15. g4 Nd7 16. Nxc6 Rxc6 17. Nb5 a6 {½-½ (29) O'Brien,R-Batchelor,A Canberra 1995}) 15. Nde2 Bf6 16. g4 Nc7 17. g5 Be7 18. Qh5 f5 19. Nd4 g6 $14 20. Qf3 Nxd4 21. Bxd4 Bf8 22. Bf6 Re8 23. Rcd1 Qc6 24. e5 Qc5+ 25. Kh1 dxe5 26. fxe5 Be7 27. Rd7 Nd5 28. cxd5 Bxf6 29. exf6 Qxc3 30. f7+ 1-0

[Event "SWE-ch Masters 2018"]
[Site "Ronneby"]
[Date "2018.07.07"]
[Round "8"]
[White "Mattsson, Michael"]
[Black "Tegler, Erik"]
[Result "0-1"]
[ECO "B12"]
[WhiteElo "2032"]
[BlackElo "2073"]
[Annotator "NA"]
[PlyCount "68"]
[EventDate "2018.06.30"]
[EventType "tourn"]
[EventCountry "SWE"]
[SourceTitle "playchess.com"]
[Source "ChessBase"]
[SourceQuality "1"]
[TimeControl "40/5400+30:1800+30"]

1. e4 c6 2. d4 d5 3. e5 Bf5 4. Nf3 e6 5. Bd3 Bg6 {[%emt 0:03:06] B12: Caro-Kann: Advance Variation} (5... Bxd3 6. Qxd3 Qa5+ 7. c3 Qa6 8. Qxa6 Nxa6 9. Be3 c5 10. Nbd2 Rc8 11. Ke2 Ne7 12. dxc5 Nxc5 13. Bxc5 Rxc5 14. Nd4 Ng6 15. N2f3 Nf4+ 16. Kf1 Be7 {½-½ (45) Lewicki,M (2384)-Socko,B (2593) Katowice 2018}) 6. h4 Qb6 7. Bxg6 $146 ({Predecessor:} 7. h5 Bxd3 8. Qxd3 Qa6 9. Qxa6 Nxa6 10. c3 Ne7 11. Nbd2 c5 12. Nb3 Nc6 13. dxc5 Nxc5 14. Nxc5 Bxc5 {0-1 (55) Klein,P (1964)-Koren,J (2108) Slovakia 2018}) 7... hxg6 8. c3 c5 9. Nbd2 cxd4 10. cxd4 Nc6 11. Nb3 Nh6 12. Bg5 Nf5 13. O-O Be7 14. Bxe7 Ncxe7 15. g3 Rc8 16. Qd2 O-O 17. g4 Nh6 18. Qg5 Rc7 19. Kg2 Qb5 20. Rad1 $11 Re8 21. Rd2 Rec8 22. Nc5 Kf8 23. Qf4 Ke8 24. Rh1 b6 25. a4 Qa5 26. b4 Qxb4 27. Na6 Qxa4 28. Nxc7+ Rxc7 29. h5 gxh5 30. Rxh5 Qb3 31. Rh3 Rc3 32. Ng5 Ng6 33. Qh2 Rxh3 34. Nxh3 Nh4+ 0-1